Map: Orbital Shipyard

Players

NRS

  • Race: Zerg Zerg
  • League: Platinum

FigHteR - Winner!

  • Race: Terran Terran
  • League: Silver

VOD

Have the link to the VOD?

Description

Time

  • Played on: July 25, 2015, 1:57 p.m.
  • Length: 11:47
Show
View Real Time Build Order
Export as new Build Order

NRS Zerg 

Build Orders: Hatch First, Muta Ling Bane 

Get SALT Encoding   

  12  0:01  Drone  
  13  0:12  Overlord  
  13  0:17  Drone  
  14  0:28  Drone, Extractor  
  13  0:32  Drone  
  16  0:36  Drone  
  17  0:53  Hatchery  
  17  0:56  Drone  
  17  1:10  Spawning Pool  
  16  1:12  Extractor  
  16  1:13  Drone  
  16  1:16  Drone  
  17  1:23  Overlord  
  17  1:28  Drone  
  18  1:38  Drone  
  19  1:50  Drone  
  20  1:57  Queen  
  22  2:05  Queen  
  22  2:07  Drone  
  22  2:08  Drone  
  26  2:11  Metabolic Boost  
  26  2:13  Drone  
  27  2:16  Drone  
  28  2:23  Zergling x2  
  28  2:26  Zergling x2  
  30  2:39  Roach Warren  
  29  2:49  Zergling x8  
  33  3:02  Drone x2  
  33  3:04  Overlord  
  35  3:09  Overlord  
  35  3:11  Drone  
  36  3:16  Lair  
  36  3:18  Extractor  
  35  3:26  Zergling x8  
  35  3:27  Zergling x2  
  37  3:31  Zergling x4  
  32  4:07  Roach x4  
  32  4:08  Zergling x8  
  32  4:09  Zergling x6  
  44  4:15  Glial Reconstitution  
  44  4:17  Overlord  
  44  4:21  Drone x4  
  48  4:28  Queen  
  49  4:40  Overlord x2  
  49  4:43  Drone  
  49  4:44  Drone  
  51  4:46  Drone  
  51  4:48  Drone  
  53  5:13  Hatchery  
  52  5:17  Drone x6  
  52  5:18  Drone x2  
  52  5:21  Extractor  
  59  5:22  Extractor  
  59  5:23  Drone  
  59  5:24  Drone  
  59  5:26  Drone  
  61  5:30  Overseer  
  61  5:32  Pneumatized Carapace  
  61  5:52  Spire  
  61  5:54  Drone x3  
  61  5:55  Baneling Nest  
  61  5:56  Evolution Chamber  
  61  5:57  Evolution Chamber  
  60  6:11  Drone x3  
  63  6:12  Overlord x2  
  63  6:13  Overlord  
  63  6:16  Drone x2  
  65  6:33  Queen  
  65  6:35  Drone  
  65  6:36  Drone x7  
  75  6:40  Zerg Melee Weapons Level 1  
  75  6:44  Zerg Ground Armor Level 1  
  75  6:48  Centrifical Hooks  
  75  6:53  Overlord  
  75  7:07  Extractor  
  74  7:08  Drone x2, Extractor  
  74  7:09  Drone x4  
  79  7:21  Drone x5  
  85  7:22  Zergling x2  
  85  7:23  Mutalisk x4  
  85  7:24  Mutalisk  
  85  7:27  Zerg Flyer Weapons Level 1  
  95  7:41  Drone x3  
  95  7:42  Mutalisk x2  
  102  7:44  Zergling x2  
  102  7:45  Overlord, Zergling x6  
  102  7:46  Overlord  
  106  8:05  Drone  
  107  8:06  Drone, Infestation Pit  
  107  8:08  Drone x2  
  107  8:11  Mutalisk x4  
  117  8:20  Hatchery  
  110  8:28  Mutalisk x2  
  110  8:29  Zergling x2  
  110  8:30  Zergling x4  
  110  8:33  Baneling x5  
  117  8:34  Baneling  
  117  8:40  Zergling x10  
  122  8:44  Overlord  
  122  8:45  Overlord x2  
  122  8:54  Baneling x3  
  92  9:07  Roach x10  
  92  9:08  Roach  
  102  9:11  Zergling x6  
  102  9:12  Zergling x10  
  108  9:23  Mutalisk  
  108  9:24  Mutalisk x3  
  105  9:27  Zergling x2  
  81  9:48  Mutalisk  
  81  9:49  Mutalisk  
  82  10:07  Zergling x16  
  83  10:12  Hatchery  
  83  10:13  Queen  
  92  10:14  Drone x2  
  93  10:24  Mutalisk  
  93  10:25  Mutalisk  
  93  10:26  Mutalisk x2  
  93  10:27  Drone  
  93  10:28  Drone  
  103  10:30  Extractor  
  103  10:33  Extractor  
  101  11:00  Zergling x2  
  101  11:01  Zergling x24  
  101  11:02  Baneling  
  101  11:03  Baneling x2  
  104  11:23  Baneling  
  104  11:24  Baneling x6  
  104  11:25  Baneling  
  99  11:27  Zergling x2  
  99  11:28  Zergling x28  
Show
View Real Time Build Order
Export as new Build Order

FigHteR Terran - Winner!

Build Orders: Hellion Opening, Bio Tank 

Get SALT Encoding   

  12  0:01  SCV  
  13  0:13  SCV  
  14  0:18  Supply Depot  
  14  0:25  SCV  
  15  0:29  Refinery  
  15  0:39  SCV  
  16  0:45  Barracks  
  16  0:51  SCV  
  17  1:03  SCV  
  18  1:15  SCV  
  19  1:31  Orbital Command  
  19  1:33  Factory  
  19  1:41  Supply Depot  
  19  1:50  Barracks Reactor  
  19  1:57  SCV  
  20  2:06  Command Center  
  20  2:11  SCV  
  21  2:23  SCV  
  22  2:30  Hellion x2  
  22  2:35  Supply Depot, SCV  
  27  2:41  Barracks Tech Lab  
  28  2:51  Hellion  
  28  2:55  Hellion  
  28  2:56  SCV  
  32  3:02  Stimpack, Marine  
  33  3:08  SCV  
  34  3:13  Hellion  
  34  3:16  Hellion  
  38  3:20  SCV  
  39  3:30  Command Center  
  40  3:34  Hellion  
  40  3:38  Orbital Command  
  37  3:56  SCV  
  37  3:58  Marine  
  37  4:00  Barracks  
  37  4:12  SCV  
  37  4:13  SCV  
  37  4:15  Marine  
  40  4:19  Refinery  
  40  4:22  Factory Tech Lab  
  41  4:24  SCV  
  41  4:25  SCV  
  41  4:27  Refinery  
  41  4:29  Refinery  
  42  4:32  Barracks  
  42  4:33  Barracks  
  42  4:36  SCV  
  42  4:37  SCV  
  44  4:43  Orbital Command  
  44  4:48  SCV  
  44  4:49  SCV  
  46  4:58  Marauder  
  48  5:00  SCV  
  48  5:01  SCV  
  48  5:02  Siege Tank  
  48  5:04  Starport, Marine  
  48  5:05  Marine  
  55  5:09  SCV  
  55  5:12  SCV  
  55  5:13  SCV  
  58  5:18  Engineering Bay  
  58  5:21  SCV, Marauder  
  59  5:23  Barracks Tech Lab  
  59  5:24  SCV  
  59  5:25  Barracks Tech Lab  
  62  5:28  Barracks Reactor  
  62  5:29  SCV  
  62  5:30  Marine x2  
  66  5:36  SCV, Orbital Command  
  66  5:41  SCV  
  68  5:48  Marauder  
  68  5:49  Terran Infantry Weapons Level 1  
  69  5:53  Engineering Bay  
  69  5:55  Supply Depot  
  69  6:14  Barracks Tech Lab  
  69  6:16  SCV x3, Siege Tank, Marine x2  
  77  6:18  Supply Depot  
  77  6:21  Terran Infantry Armor Level 1, Supply Depot  
  77  6:24  Supply Depot  
  77  6:26  Supply Depot x2  
  77  6:35  Refinery  
  77  6:37  Combat Shields  
  77  6:38  Concussive Shells  
  77  6:39  Refinery, Marine  
  77  6:40  SCV, Marauder, Medivac x2  
  77  6:42  Missile Turret  
  77  6:43  SCV x2, Marauder x2  
  77  6:45  Missile Turret  
  91  6:47  Missile Turret  
  91  6:48  Marine  
  91  6:52  SCV, Siege Tank  
  96  6:55  SCV  
  96  6:59  Armory, Supply Depot, SCV  
  98  7:04  SCV, Marauder  
  98  7:06  Marine  
  98  7:07  SCV, Marauder  
  103  7:08  Marine  
  103  7:09  Marine  
  103  7:11  SCV  
  106  7:16  SCV  
  107  7:23  Medivac  
  107  7:24  Medivac, Marine  
  107  7:26  Marine, Marauder  
  107  7:27  Marauder  
  107  7:28  SCV, Marauder  
  107  7:29  SCV  
  122  7:30  SCV  
  122  7:35  Factory  
  122  7:37  Siege Tank  
  125  7:46  Supply Depot  
  125  7:47  Terran Vehicle Weapons Level 1  
  125  7:49  Supply Depot  
  125  7:52  Supply Depot  
  125  7:54  Supply Depot  
  125  7:58  Terran Infantry Weapons Level 2  
  125  8:07  SCV x2, Marine x2  
  125  8:08  Sensor Tower, Marauder x2  
  125  8:10  Marine  
  125  8:11  SCV  
  135  8:14  Sensor Tower  
  135  8:17  Terran Infantry Armor Level 2  
  137  8:20  SCV x2  
  137  8:21  Factory Tech Lab, Siege Tank  
  137  8:26  Marauder  
  138  8:28  Marine x2  
  138  8:29  Marauder x2  
  144  8:41  SCV x2  
  145  8:44  Siege Tank  
  145  8:46  Marine  
  145  8:47  Marauder  
  152  8:50  Supply Depot  
  152  8:51  Supply Depot, Marauder x2  
  156  8:56  Medivac  
  156  8:57  Siege Tank  
  156  9:01  Marine  
  138  9:03  Marine  
  138  9:08  Marauder  
  135  9:11  Marine x2, Medivac  
  135  9:16  Siege Tank  
  142  9:19  Marine  
  142  9:21  Barracks, Marine  
  144  9:26  Medivac  
  144  9:27  Barracks  
  144  9:29  Marine x3  
  143  9:37  Marine  
  137  9:39  Marine  
  128  9:47  Marine x3  
  128  9:49  Siege Tank x2  
  135  9:55  Marine  
  135  9:57  Command Center, Marine  
  134  10:06  Marine x2  
  134  10:07  Marine  
  130  10:12  Marine  
  130  10:13  Marine  
  126  10:15  Marine x2  
  126  10:21  Siege Tank  
  129  10:24  Marine x3  
  132  10:29  Marine  
  132  10:30  Supply Depot, Marine  
  132  10:31  Medivac x2  
  132  10:32  Supply Depot, Marine  
  132  10:33  Siege Tank, Marine  
  143  10:42  Marine x2  
  145  10:44  Marine  
  145  10:47  Marine  
  145  10:48  Marine  
  148  10:52  Marine x2  
  150  11:04  Marine x3  
  151  11:05  Marine  
  151  11:06  Marine  
  151  11:07  Siege Tank x2  
  161  11:22  Marine x5  
  161  11:23  Marine  
  161  11:24  Marine  
Tags
 
Add a new tag
Caveats
  • Supply blocks, unpowered buildings, or Contaminate may cause inaccurate times.
  • Supply counts are checked every 10 seconds.